 Dungeon Crawl Stone Soup version 0.28-a0-863-g8cecda6153 (webtiles) character file.

Game seed: 17283501149419535256

268 cheechan the Chucker (level 6, 0/41 HPs)
             Began as an Octopode Hunter on Nov 19, 2021.
             Slain by an ogre (19 damage)
             ... on level 4 of the Dungeon.
             The game lasted 00:11:27 (3137 turns).

cheechan the Chucker (Octopode Hunter)              Turns: 3137, Time: 00:11:27

Health: 0/41       AC:  3    Str: 13    XL:     6   Next: 21%
Magic:  6/6        EV: 13    Int: 15    God:
Gold:   80         SH:  0    Dex: 13    Spells: 5/5 levels left

rFire   + . .      SeeInvis .   i - +0 short sword (flame)
rCold   . . .      Faith    .   (no shield)
rNeg    . . .      Spirit   .   (helmet restricted)
rPois   .          Reflect  .   l - amulet of regeneration
rElec   .          Harm     .   b - ring of resist corrosion
rCorr   +          Rampage  .   g - ring of protection from fire
Will    .....                   (no ring)
Stlth   +++.......              (no ring)
HPRegen 1.13/turn               (no ring)
MPRegen 0.10/turn               (no ring)
                                (no ring)
                                (no ring)

@: no status effects
A: almost no armour, amphibious, 8 rings, camouflage 1, gelatinous body 1,
(nimble swimmer 1), tentacles, iridescent scales 1, clever 1
a: no special abilities


You were on level 4 of the Dungeon.
You visited 1 branch of the dungeon, and saw 4 of its levels.

You collected 80 gold pieces.

Inventory:

Hand Weapons
 i - a +0 short sword of flaming (weapon)
Missiles
 a - 33 sling bullets
 c - 2 throwing nets
 d - 19 bolts
 e - 20 arrows
 f - 5 javelins
 m - 7 poisoned darts
 n - 2 boomerangs (quivered)
Jewellery
 b - a ring of resist corrosion (left tentacle)
 g - a ring of protection from fire (right tentacle)
 l - an amulet of regeneration (around mantle)
Potions
 h - a potion of lignification
 j - a potion of curing
 k - a potion of brilliance


   Skills:
 + Level 2.8 Fighting
 + Level 2.0 Short Blades
 + Level 5.6 Throwing
 + Level 2.7 Dodging
 + Level 4.0 Stealth


You had 5 spell levels left.
You didn't know any spells.
Your spell library contained the following spells:

 Spells                   Type           Power      Damage    Failure   Level
 Ozocubu's Armour         Ice            0%         N/A       63%         3
 Ozocubu's Refrigeration  Ice            0%         4d5       100%        7


Dungeon Overview and Level Annotations

Branches:
Dungeon (4/15)
 Temple: D:4-7

Altars:
Xom

Shops:
D:1 [*((


Innate Abilities, Weirdness & Mutations

You cannot wear most types of armour.
You are amphibious.
You can wear up to eight rings at the same time.
Your skin changes colour to match your surroundings (Stealth+).
Your rubbery body absorbs attacks. (AC +1, EV +1)
((You are camouflaged near water. (Stealth+)))
You have tentacles for arms and can constrict up to eight enemies at once.
You are partially covered in iridescent scales. (AC +2)
Your mind is acute. (Int +2)


Message History

You constrict the necrophage. The necrophage barely misses you.
You completely miss the necrophage.
The necrophage is severely damaged.
You constrict the necrophage. The necrophage completely misses you.
You hit the necrophage. You burn the necrophage.
You destroy the necrophage!
Your Short Blades skill increases to level 2!
Your Stealth skill increases to level 4!
You have reached level 6!
Your experience leads to an increase in your attributes!
Your base attributes are Str 12, Int 13, Dex 13.
Increase (S)trength, (I)ntelligence, or (D)exterity?
You feel stronger.
There is a stone staircase leading down here.
You climb downwards.
The ogre completely misses you. The worm bites you.
There is a stone staircase leading up here.
You barely miss the ogre. The ogre hits you with a +0 giant club.
Found a yellow potion.
The iguana hisses menacingly.
Throw: 2 boomerangs
Press: ? - help, Q - select action, (/) - cycle Shift-Dir - straight line, f - ogre
Aim: an ogre, wielding a +0 giant club (75% to hit)
You throw a boomerang. The boomerang hits the ogre.
The ogre is moderately wounded.
Unknown command.
You hit the ogre. You burn the ogre.
The ogre is moderately wounded.
The ogre closely misses you.
You hit the ogre but do no damage.
The ogre is moderately wounded.
The ogre hits you with a +0 giant club!!
You hit the ogre. You burn the ogre.
The ogre is heavily wounded.
The ogre hits you with a +0 giant club.
You hit the ogre but do no damage.
The ogre is heavily wounded.
You hit the ogre. You burn the ogre. Your squeeze misses the ogre.
The ogre is severely wounded.
The ogre hits you with a +0 giant club!!
You die...

####.....# #
........# #
...##.##.......#.#
......)<†>...# #.##.
..b.........###.....
.............#...#
...##.###w..l...# ..
#......#O##.# .
#####..#@# #..#.#
#..#.# #..#.# #.....
####.. .## .


You could see an ogre and an iguana.

Vanquished Creatures
  A necrophage (D:3)
  A phantom (D:3)
  An orc wizard (D:3)
  A worm (D:2)
  2 dart slugs
  6 orcs (D:3)
  13 ball pythons
  3 bats
  5 endoplasms
  A giant cockroach (D:1)
  3 goblins
  5 hobgoblins
  6 jackals (D:1)
  4 frilled lizards
  8 kobolds
  7 rats
67 creatures vanquished.

Notes
Turn   | Place    | Note
-------+----------+-------------------------------------------
     0 | D:1      | cheechan the Octopode Hunter began the quest for the Orb.
     0 | D:1      | Reached XP level 1. HP: 14/14 MP: 1/1
   101 | D:1      | Found Xigaof's Antique Weapon Boutique.
   157 | D:1      | Reached XP level 2. HP: 4/19 MP: 2/2
   374 | D:1      | Found Zounybeo's General Store.
   376 | D:1      | Found Rootikk's Armour Emporium.
   461 | D:1      | Found Leaxeyci's Weapon Shoppe.
   670 | D:1      | Reached XP level 3. HP: 20/25 MP: 3/3
   778 | D:1      | Found a faded altar of an unknown god.
  1512 | D:2      | Found a shimmering altar of Xom.
  1718 | D:2      | Gained mutation: You are partially covered in iridescent
                  | scales. (AC +2) [potion of mutation]
  1718 | D:2      | Gained mutation: Your mind is acute. (Int +2) [potion of
                  | mutation]
  1763 | D:3      | Reached XP level 4. HP: 28/30 MP: 4/4
  1832 | D:3      | Reached skill level 5 in Throwing
  2160 | D:3      | Reached skill level 1 in Short Blades
  2845 | D:3      | Noticed a phantom
  2853 | D:3      | Killed a phantom
  2854 | D:3      | Reached XP level 5. HP: 31/35 MP: 5/5
  3102 | D:4      | Noticed a necrophage
  3107 | D:4      | Noticed an ogre
  3118 | D:3      | Killed a necrophage
  3119 | D:3      | Reached XP level 6. HP: 39/41 MP: 6/6
  3137 | D:4      | Slain by an ogre

Illustrated notes

Levels and vault maps discovered:
D:1:      dpeg_arrival_pits, layout_basic, serial_shops, shop, shop, shop, shop,
          ebering_ecumenical_altar_mist, minmay_tetromino_o2
D:2:      layout_basic, basic_altar
D:3:      layout_basic, roderic_roman_lattice
D:4:      layout_loops_cross, minmay_temple_entry_butterflies

Skill      XL: |  1  2  3  4  5 |
---------------+----------------+-----
Throwing       | 5 |  5.6
Stealth        | 3 4 |  4.0
Short Blades   | 1 2 |  2.0
Fighting       | |  2.8
Dodging        | |  2.7

Action                   |  1- 3 |  4- 6 || total
-------------------------+-------+-------++-------
Melee: Short sword       |    42 |    49 ||    91
       Constrict         |    14 |     8 ||    22
       Tentacles         |     8 |     7 ||    15
Throw: Javelin           |    40 |     1 ||    41
       Boomerang         |       |     5 ||     5
  Use: Scroll            |     6 |     2 ||     8
       Potion            |     1 |       ||     1
 Stab: Sleeping          |     3 |     3 ||     6
Armor: Skin              |     6 |     5 ||    11
Dodge: Dodged            |    45 |    31 ||    76

Table legend: (Time is in decaauts)
 A = Elapsed time spent in this place.
 B = Non-inter-level travel time spent in this place.
 C = Inter-level travel time spent in this place.
 D = Time resting spent in this place.
 E = Time spent auto-exploring this place.
 F = Levels seen in this place.
 G = Mean time per level.
                   A        B        C        D        E       F      G
               +--------+--------+--------+--------+--------+-----+--------+
         Total |   3153 |   3153 |      0 |    214 |      0 |   4 |  788.2 |
       Dungeon |   3153 |   3153 |      0 |    214 |      0 |   4 |  788.2 |
               +--------+--------+--------+--------+--------+-----+--------+

Top non-repeatable levels by time:
     D:3: 1370 daAuts
     D:1: 1181 daAuts
     D:2: 578 daAuts
     D:4: 23 daAuts
